 Dungeon Crawl Stone Soup version 0.22-a0-305-gd21a89c538 (webtiles) character file.

1513588 SnubMonkey the End of an Era (level 27, 245/245 HPs)
             Began as a Hill Orc Fighter on Mar 29, 2018.
             Was the Champion of Qazlal.
             Escaped with the Orb
             ... and 3 runes!
             The game lasted 05:39:32 (100352 turns).

SnubMonkey the End of an Era (Hill Orc Fighter)   Turns: 100352, Time: 05:39:33

Health: 245/245    AC: 44    Str: 27 (28) XL:     27
Magic:  40/40      EV: 20    Int:  8      God:    Qazlal [******]
Gold:   1011       SH:  8    Dex: 17      Spells: 26/26 levels left

rFire    + . .     SeeInvis +   b - +8 battleaxe (vamp)
rCold    + . .     Gourm    .   (shield currently unavailable)
rNeg     . . .     Faith    +   c - +13 plate armour "Cibla" {rElec rC+}
rPois    .         Spirit   .   M - +3 crown of Dyrovepreva {rElec Int+2 SInv}
rElec    +         Reflect  .   V - +2 cloak {MR+}
rCorr    .         Harm     .   U - +2 pair of gloves {Dex+3}
MR       ++++.                  s - +2 pair of boots {run}
Stlth    ..........             e - amulet of faith
HPRegen  0.50/turn              w - ring of protection from fire
MPRegen  0.27/turn              q - ring "Wozod" {MR+ Slay+2 Stlth+}

@: repel missiles, quick
A: horns 1, camouflage 1, blink, deformed body, deterioration 1, dopey 1, frail
1, mutation resistance 1
0: Orb of Zot
}: 3/15 runes: barnacled, silver, gossamer
a: Blink, Upheaval, Elemental Force, Disaster Area, Renounce Religion


You escaped.
You worshipped Qazlal.
Qazlal was exalted by your worship.
You were very full.

You visited 9 branches of the dungeon, and saw 49 of its levels.

You collected 6381 gold pieces.
You spent 5370 gold pieces at shops.

Inventory:

Hand Weapons
 a - a +9 executioner's axe of draining
 b - a +8 vampiric battleaxe (weapon)
Missiles
 E - 24 throwing nets (quivered)
Armour
 c - the +13 plate armour "Cibla" (worn) {rElec rC+}
   (You found it on level 3 of the Elven Halls)

   It protects you from cold.
   It insulates you from electricity.
 s - a +2 pair of boots of running (worn)
 M - the +3 crown of Dyrovepreva (worn) {rElec Int+2 SInv}
   (You found it on level 3 of the Elven Halls)

   It affects your intelligence (+2).
   It insulates you from electricity.
   It lets you see invisible.
 O - +4 gold dragon scales
 U - a +2 pair of gloves of dexterity (worn)
 V - a +2 cloak of magic resistance (worn)
Jewellery
 e - an amulet of faith (around neck)
 q - the ring "Wozod" (right hand) {MR+ Slay+2 Stlth+}
   (You bought it in a shop on level 4 of the Shoals)

   [ring of slaying]

   It affects your accuracy and damage with ranged weapons and melee attacks
   (+2).
   It affects your resistance to hostile enchantments.
   It makes you more stealthy.
 w - a ring of protection from fire (left hand)
 z - an uncursed ring of protection from cold
 F - an uncursed ring of resist corrosion
 I - an uncursed ring of protection from fire
 L - the ring "Akheclul" {rElec rPois MR+ Dex+3}
   (You bought it in a shop on level 1 of the Depths)

   [ring of poison resistance]

   It affects your dexterity (+3).
   It insulates you from electricity.
   It protects you from poison.
   It affects your resistance to hostile enchantments.
 N - the ring "Hineusew" {-Tele rF+ rC+ Str+8 Stlth+}
   (You took it off an orc warrior on level 2 of the Elven Halls)

   [ring of protection from fire]

   It affects your strength (+8).
   It protects you from fire.
   It protects you from cold.
   It prevents most forms of teleportation.
   It makes you more stealthy.
Wands
 g - a wand of iceblast (27)
 l - a wand of enslavement (21)
 r - a wand of clouds (3)
 x - a wand of acid (26)
 B - a wand of digging (33)
Scrolls
 h - 24 scrolls of teleportation
 j - 16 scrolls of identify
 t - 5 scrolls of fog
 u - 6 scrolls of fear
 y - 18 scrolls of remove curse
 A - 3 scrolls of magic mapping
 C - a scroll of silence
 Q - 9 scrolls of blinking
 Z - 5 scrolls of summoning
Potions
 d - 2 potions of heal wounds
 i - 5 potions of magic
 k - 11 potions of curing
 m - 3 potions of agility
 n - a potion of resistance
 p - 3 potions of ambrosia
 D - 5 potions of mutation
 G - 6 potions of cancellation
 H - a potion of invisibility
 P - 3 potions of berserk rage
 T - a potion of haste
Miscellaneous
 o - a phial of floods
 v - 2 phantom mirrors
 J - a phial of floods
 K - a lamp of fire
 R - a fan of gales
 W - a lightning rod (4/4)
 Y - a fan of gales
Comestibles
 f - 39 rations


   Skills:
 O Level 27 Fighting
 - Level 26.0 Axes
 * Level 25.1 Armour
 * Level 18.5 Dodging
   Level 3.2 Shields
 O Level 27 Invocations
 + Level 12.6 Evocations


You had 26 spell levels left.
You didn't know any spells.

Dungeon Overview and Level Annotations

Branches:
Dungeon (15/15)            Temple (0/1) D:5            Lair (6/6) D:9
 Shoals (4/4) Lair:4       Spider (4/4) Lair:3        Slime (0/5) Lair:6
    Orc (2/2) D:11            Elf (3/3) Orc:2        Vaults (5/5) D:14
  Crypt (0/3) Vaults:2     Depths (5/5) D:15            Zot (5/5) Depths:5

Altars:
Cheibriados
Dithmenos
Gozag
Kikubaaqudgha
Makhleb
Nemelex Xobeh
Qazlal
Trog
Vehumet
Wu Jian
Xom
The Shining One
Jiyva

Shops:
D:8 *   D:15 (   Orc:1 %   Orc:2 ?!}[   Elf:1 ==}   Shoals:4 =   Vaults:1 (
Vaults:5 [}   Depths:1 *=   Depths:3 *   Depths:4 }

Portals:
Hell: Depths:1 Depths:2 Depths:3 Depths:4 Depths:5
Abyss: Depths:4
Pandemonium: Orc:2 Depths:3 Depths:5
Ziggurat: Depths:3
Trove: D:15 (give 12 potions of heal wounds)

Annotations:
D:3 Slothtographer's ghost, amateur OgMo


Innate Abilities, Weirdness & Mutations

You have a pair of small horns on your head.
Your skin changes colour to match your surroundings (Stealth+).
You can translocate small distances at will.
Armour fits poorly on your strangely shaped body.
Your body sometimes deteriorates upon taking damage.
You are dopey. (Int -2)
You are frail. (-10% HP)
You are somewhat resistant to further mutation.


Message History

a robe; a dagger
Things that are here:
a hunting sling; a +0 scale mail
There is an open door here.
There is a stone staircase leading up here.
You climb upwards.
Level annotation: Slothtographer's ghost, amateur OgMo
There is a stone staircase leading down here.
There is a stone staircase leading up, spattered with blood here.
You climb upwards.
There is a stone staircase leading down here.
You see here a +0 war axe.
There is a stone staircase leading up here.
You climb upwards.
There is a stone staircase leading down here.
A lorocyproca comes into view.
You enter the shallow water.
Moving in this stuff is going to be slow.
There is a staircase leading out of the dungeon here.
You have escaped!

.######
#............
.############
#............
............#
#.###########
............# ###
............# #
.÷..........#
####### ##
..)÷........#
##≈≈#≈≈###### #.
............#
###.≈≈≈≈≈.#≈≈≈###.
............#
#@.##≈≈≈P≈≈##≈P##.
............#
#..§..≈.P≈...PP##.
............#
#.§§...P≈.....P..[
............#
#.≈≈.P.≈..P...≈...
............#
#.P..P12.P≈.P.≈PP.
............#
#..P.P....≈..P....
............#
#..PPP.P.≈.....≈..
............#
#.≈..≈≈.≈.≈......#
............#
#PP.≈.≈..≈≈≈....P#


You could see a Tzitzimitl and a lorocyproca (invisible).

Vanquished Creatures
  5 orbs of fire
  3 ancient liches (Zot:5)
  A juggernaut (Depths:3)
  9 caustic shrikes
  Saint Roka (Vaults:2)
  6 curse toes
  6 Killer Klowns
  14 golden dragons
  Arachne (Spider:4)
  3 electric golems
  14 tentacled monstrosities
  Rupert (Lair:3)
  5 liches
  4 titans
  30 Orb Guardians
  2 deep elf master archers (Elf:3)
  5 quicksilver dragons
  3 deep elf blademasters
  A kraken (Shoals:4)
  4 sphinxes
  13 death cobs
  18 storm dragons
  Frances (Spider:1)
  Polyphemus (Shoals:4)
  Kirke (Lair:5)
  14 shadow dragons
  Roxanne (D:14)
  13 tengu reavers
  Donald (Vaults:2)
  5 fire giants
  Ilsuiw (Shoals:4)
  8 draconian monks
  20 vault wardens
  A fire giant (shapeshifter) (Vaults:5)
  11 frost giants
  9 draconian knights
  3 iron dragons
  12 deep elf sorcerers
  4 emperor scorpions
  8 draconian shifters
  A balrug (Zot:5)
  7 deep elf elementalists
  A caustic shrike zombie (D:15)
  19 ironheart preservers
  A reaper (Depths:3)
  3 draconian stormcallers
  Louise (Spider:3)
  10 ghost moths
  7 draconian scorchers
  4 vampire knights
  2 war gargoyles (Vaults:4)
  8 draconian annihilators
  A ghoul (Vaults:3)
  21 stone giants
  11 deep elf demonologists
  12 very ugly things
  4 entropy weavers
  14 black draconians
  11 spark wasps
  Azrael (Elf:2)
  18 green draconians
  13 white draconians
  13 yellow draconians
  10 deep elf annihilators
  A spark wasp (shapeshifter) (Vaults:4)
  20 purple draconians
  20 red draconians
  8 deep elf death magi (Elf:3)
  A green death (Depths:2)
  Snorg (Lair:3)
  4 merfolk javelineers
  3 jiangshi
  7 merfolk impalers (Shoals:4)
  11 ettins
  8 yaktaur captains
  12 fire dragons
  7 deep elf high priests
  20 ogre magi
  Erolcha (D:9)
  8 rakshasas
  5 hydras
  Fannar (Lair:2)
  42 vault guards
  14 ice dragons
  7 great orbs of eyes
  3 spriggan air magi
  2 catoblepae
  A merfolk avatar (Shoals:4)
  7 centaur warriors
  51 two-headed ogres
  A queen ant (Spider:1)
  7 merfolk aquamancers
  30 dancing weapons
  3 death knights
  A two-headed ogre (shapeshifter) (Depths:2)
  3 satyrs
  8 tengu warriors
  6 orc high priests
  2 vampire magi (Depths:2)
  An alligator snapping turtle (Shoals:3)
  8 death yaks
  14 deep troll earth magi
  11 deep troll shamans
  Urug (D:12)
  Sonja (Orc:2)
  5 spriggan berserkers
  A sun demon (Zot:5)
  30 deep elf knights
  2 hell knights (Depths:4)
  A shadow wraith (Vaults:3)
  An iron troll (Depths:3)
  12 skeletal warriors
  2 small abominations
  A storm dragon skeleton (Vaults:2)
  2 sea snakes (shapeshifter)
  3 salamander mystics (Depths:4)
  40 deep trolls
  5 flayed ghosts
  3 torturous demonspawn (Orc:2)
  3 unseen horrors
  13 sea snakes
  8 wizards
  A gelid demonspawn (Orc:2)
  5 glowing orange brains
  The ghost of NeAGen181 the Skirmisher, a novice MiAK of Lugonu (D:6)
  21 deep elf archers
  22 ironbrand convokers
  6 phantasmal warriors
  A sphinx zombie (D:15)
  4 necromancers
  A mana viper (shapeshifter) (Vaults:4)
  13 orc knights
  18 harpies
  A harpy (shapeshifter) (Vaults:1)
  6 orc sorcerers (Orc:2)
  2 tengu skeletons (Vaults:2)
  9 cyclopes
  50 ugly things
  A faun (shapeshifter) (Depths:3)
  19 orb spiders
  22 wolf spiders
  A shadow dragon zombie (D:15)
  A salamander (shapeshifter) (Depths:2)
  35 moths of wrath
  92 deep elf magi
  9 fauns
  2 cyclopes (shapeshifter)
  9 salamanders (Depths:4)
  7 merfolk sirens
  7 black mambas
  24 manticores
  2 stone giant skeletons
  A fire giant skeleton (Vaults:2)
  2 guardian serpents (shapeshifter)
  2 centaur zombies
  A manticore (shapeshifter) (Depths:2)
  9 apocalypse crabs (Zot:3)
  2 ice statues (Spider:4)
  A spiny frog (shapeshifter) (Depths:2)
  12 vault sentinels
  A water nymph (shapeshifter) (Vaults:5)
  9 water nymphs
  3 elephants
  A torpor snail (Spider:4)
  Joseph (D:9)
  An orange demon (Zot:5)
  2 smoke demons
  A storm dragon simulacrum (Vaults:5)
  26 spiny frogs
  A torpor snail (shapeshifter) (Vaults:5)
  5 spectral swamp worms
  A rime drake (shapeshifter) (Depths:3)
  A rime drake (Lair:4)
  2 kobold demonologists (D:11)
  5 freezing wraiths
  A human zombie (Vaults:5)
  51 yaktaurs
  5 demonic crawlers
  3 red devils
  A guardian mummy (D:14)
  9 komodo dragons
  2 efreet
  An entropy weaver simulacrum (Vaults:1)
  An ice devil (Depths:3)
  2 hellwings
  7 tengu conjurers
  A yaktaur skeleton (Vaults:2)
  32 merfolk
  30 jumping spiders
  13 hornets
  7 trolls
  3 tyrant leeches
  7 wind drakes
  A meliai zombie (D:15)
  A dream sheep (shapeshifter) (Vaults:5)
  14 hippogriffs
  30 blink frogs
  8 snapping turtles
  25 slime creatures
  10 dream sheep
  3 air elementals
  49 redbacks
  Sigmund (D:2)
  A tarantella (shapeshifter) (Depths:2)
  A redback (shapeshifter) (Depths:3)
  64 yaks
  A ynoxinul (Orc:2)
  22 tarantellas
  3 wraiths
  A wyvern (shapeshifter) (Vaults:3)
  19 water elementals
  2 ettin skeletons (Vaults:2)
  A shadow (D:14)
  8 fire elementals
  5 hogs
  7 basilisks
  22 humans
  2 chaos spawn (Orc:2)
  3 neqoxecs
  A human simulacrum (Vaults:1)
  A swamp worm (shapeshifter) (Vaults:3)
  6 vampire mosquitoes
  6 wargs
  5 acid dragons
  23 soldier ants (Spider:1)
  A deep troll skeleton (Vaults:2)
  A floating eye (Depths:3)
  A floating eye (shapeshifter) (Depths:3)
  10 water moccasins
  2 hell hounds (Elf:2)
  49 orc warriors
  5 porcupines
  2 sky beasts
  A phantom (D:7)
  An ice beast (shapeshifter) (Vaults:3)
  4 ice beasts
  2 eyes of draining (shapeshifter)
  4 black bears
  59 ogres
  6 wolves (Lair:4)
  7 boggarts
  A tengu (shapeshifter) (Vaults:3)
  26 centaurs
  11 crocodiles
  6 big kobolds
  A gnoll sergeant (D:7)
  26 bullfrogs
  4 earth elementals
  5 human skeletons
  A wyvern skeleton (D:14)
  2 scorpions
  An orc simulacrum (Vaults:2)
  13 killer bees
  18 wights
  6 electric eels
  A howler monkey (D:7)
  12 crimson imps
  5 quasits
  4 hounds
  7 jellies
  7 centaur skeletons
  2 bullfrog skeletons
  16 orc wizards
  36 orc priests
  A gnoll shaman (D:7)
  2 iron imps
  Ijyb (D:5)
  3 iguanas
  28 worker ants
  A killer bee zombie (D:9)
  A hound skeleton (D:4)
  2 worker ant zombies
  7 gnolls (D:7)
  A howler monkey skeleton (D:7)
  6 adders
  10 shadow imps
  A white imp (D:8)
  3 adder skeletons
  3 worms
  A worm (shapeshifter) (Vaults:5)
  2 dart slugs
  8 leopard geckos
  124 orcs
  2 ball pythons
  7 bats
  5 giant cockroaches
  6 goblins
  11 hobgoblins
  4 jackals
  42 kobolds
  6 quokkas
  6 frilled lizards
  A jackal skeleton (D:4)
  12 rats
  10 crawling corpses
  2 fungi
  7 plants
  4 tentacles (Shoals:4)
2650 creatures vanquished.

Vanquished Creatures (collateral kills)
  2 hydras
2 creatures vanquished.

Vanquished Creatures (others)
  A deep elf sorcerer (Elf:1)
  A white draconian (Zot:4)
  2 deep elf knights (Elf:1)
  3 moths of wrath
  A yaktaur (Depths:4)
  A slime creature (Depths:1)
  A dream sheep (Shoals:3)
  A water elemental (D:15)
  A human (Lair:6)
  2 wargs
  6 fungi
  26 plants
  A tentacle (Shoals:4)
47 creatures vanquished.

Grand Total: 2699 creatures vanquished

Notes
Turn   | Place    | Note
-------+----------+-------------------------------------------
     0 | D:1      | SnubMonkey the Hill Orc Fighter began the quest for the Orb.
     0 | D:1      | Reached XP level 1. HP: 19/19 MP: 1/1
    84 | D:1      | Reached XP level 2. HP: 26/26 MP: 2/2
   432 | D:1      | Reached XP level 3. HP: 25/31 MP: 3/3
  1075 | D:2      | Reached skill level 5 in Axes
  1352 | D:2      | Noticed Sigmund
  1476 | D:2      | Killed Sigmund
  1476 | D:2      | Reached XP level 4. HP: 12/39 MP: 4/4
  1476 | D:2      | Reached XP level 5. HP: 14/45 MP: 5/5
  1701 | D:2      | Noticed a centaur
  1709 | D:2      | Killed a centaur
  1709 | D:2      | Reached XP level 6. HP: 18/51 MP: 6/6
  1710 | D:2      | Found a stormy altar of Qazlal.
  2240 | D:2      | Became a worshipper of Qazlal Stormbringer
  2410 | D:3      | Noticed Slothtographer's ghost (amateur OgMo)
  2438 | D:3      | HP: 2/51 [Slothtographer's ghost (8)]
  3024 | D:2      | Reached skill level 1 in Invocations
  3235 | D:3      | Found a stormy altar of Qazlal.
  4020 | D:3      | Found an ornate altar of the Wu Jian Council.
  4029 | D:3      | Found a transporter.
  4038 | D:3      | Found a transporter.
  4409 | D:4      | Reached XP level 7. HP: 40/57 MP: 8/8
  4691 | D:4      | Reached * piety under Qazlal
  4931 | D:4      | Found a radiant altar of Vehumet.
  5497 | D:5      | Entered Level 5 of the Dungeon
  5497 | D:5      | Noticed Ijyb
  5575 | D:5      | Killed Ijyb
  5580 | D:5      | Reached skill level 10 in Axes
  5717 | D:5      | Found a sparkling altar of Nemelex Xobeh.
  5799 | D:5      | Found a staircase to the Ecumenical Temple.
  5978 | D:6      | Noticed NeAGen181's ghost (novice MiAK)
  6070 | D:6      | Reached XP level 8. HP: 51/64 MP: 11/11
  6417 | D:6      | Reached skill level 5 in Invocations
  6580 | D:6      | Killed NeAGen181's ghost
  6580 | D:6      | Reached ** piety under Qazlal
  6580 | D:6      | Reached XP level 9. HP: 14/73 MP: 11/13
  7018 | D:6      | Reached skill level 5 in Fighting
  7527 | D:7      | Reached skill level 5 in Armour
  7654 | D:6      | Reached *** piety under Qazlal
  8518 | D:7      | You fall through a shaft for 3 floors!
  8518 | D:10     | Entered Level 10 of the Dungeon
  8546 | D:10     | Reached XP level 10. HP: 31/84 MP: 15/15
  8855 | D:9      | Noticed Erolcha
  8873 | D:9      | Killed Erolcha
  8960 | D:9      | Reached **** piety under Qazlal
  9681 | D:8      | Found Xaingawain's Assorted Antiques.
 10105 | D:8      | Found a bloodstained altar of Trog.
 10227 | D:9      | Noticed a two-headed ogre
 10245 | D:9      | Killed a two-headed ogre
 10586 | D:9      | Reached XP level 11. HP: 92/94 MP: 16/18
 10588 | D:9      | Reached skill level 15 in Axes
 10626 | D:9      | Noticed Joseph
 10633 | D:9      | Killed Joseph
 10701 | D:9      | Paralysed by a hornet for 1 turns
 10752 | D:9      | Reached ***** piety under Qazlal
 11094 | D:9      | Reached skill level 10 in Invocations
 11270 | D:9      | Found a staircase to the Lair.
 11286 | D:9      | Found a glowing golden altar of the Shining One.
 11379 | D:9      | Found a burning altar of Makhleb.
 11485 | D:9      | Found an ancient bone altar of Kikubaaqudgha.
 11486 | D:9      | Found an opulent altar of Gozag.
 12863 | Lair:1   | Entered Level 1 of the Lair of Beasts
 13342 | Lair:1   | Noticed an eight-headed hydra
 13342 | Lair:1   | Reached XP level 12. HP: 106/106 MP: 20/20
 13354 | Lair:1   | Killed an eight-headed hydra
 13669 | Lair:1   | Reached skill level 10 in Fighting
 15610 | Lair:3   | Noticed Rupert
 15816 | Lair:3   | Noticed a death yak
 15816 | Lair:3   | Noticed a death yak
 15819 | Lair:3   | Noticed a death yak
 15822 | Lair:3   | Noticed a death yak
 15907 | Lair:3   | Noticed Snorg
 15916 | Lair:3   | Killed Snorg
 15968 | Lair:3   | Noticed a death yak
 15971 | Lair:3   | Noticed a death yak
 15976 | Lair:2   | Killed a death yak
 15982 | Lair:2   | Killed a death yak
 15982 | Lair:2   | Reached XP level 13. HP: 59/116 MP: 23/23
 16183 | Lair:3   | Noticed Fannar
 16211 | Lair:2   | Reached ****** piety under Qazlal
 16330 | Lair:2   | Killed Fannar
 16682 | Lair:3   | Paralysed by Rupert for 3 turns
 16705 | Lair:3   | Paralysed by Rupert for 5 turns
 16711 | Lair:3   | Killed Rupert
 16794 | Lair:3   | Found a glowing golden altar of the Shining One.
 16808 | Lair:3   | Got a scorched war axe
 16903 | Lair:3   | Found a hole to the Spider Nest.
 17149 | Lair:3   | Identified the +5 war axe "Poutoidgh" {elec, +Fly} (You found it on level 3 of the Lair of Beasts)
 17191 | Lair:4   | Reached skill level 10 in Armour
 17216 | Lair:4   | Reached skill level 15 in Invocations
 17966 | Lair:4   | Found a staircase to the Shoals.
 19153 | Lair:6   | Entered Level 6 of the Lair of Beasts
 19153 | Lair:6   | Noticed Kirke
 19270 | Lair:5   | Killed Kirke
 19270 | Lair:5   | Reached skill level 1 in Dodging
 19272 | Lair:5   | Reached XP level 14. HP: 104/126 MP: 25/25
 21153 | Lair:6   | Got a warped ring mail
 21440 | Lair:6   | Found a viscous altar of Jiyva.
 21440 | Lair:6   | Found a staircase to the Slime Pits.
 21685 | Lair:6   | Found the +5 scythe "Finisher" {speed, Str+3}
 22541 | D:11     | Found a staircase to the Orcish Mines.
 22715 | D:11     | Reached XP level 15. HP: 136/136 MP: 27/27
 23316 | D:12     | Found a viscous altar of Jiyva.
 23745 | D:12     | Noticed Urug
 23757 | D:12     | Killed Urug
 24568 | D:13     | Reached skill level 5 in Dodging
 25987 | D:13     | Identified the cursed +0 ring mail of the Hills {*Contam rF+++ Str+7 Int-3} (You found it on level 6 of the Lair of Beasts)
 27171 | D:14     | Noticed Roxanne
 27190 | D:14     | Killed Roxanne
 27191 | D:14     | Identified Roxanne's Catalogue of Changing (You took it off Roxanne on level 14 of the Dungeon)
 27298 | D:14     | Found a gate to the Vaults.
 27402 | D:15     | Entered Level 15 of the Dungeon
 27901 | D:15     | Reached XP level 16. HP: 76/147 MP: 28/28
 28154 | D:15     | Found a staircase to the Depths.
 28215 | D:15     | Found Meosaocw's Weapon Boutique.
 28221 | D:15     | Found a sparkling altar of Nemelex Xobeh.
 29028 | D:15     | Found a portal to a secret trove of treasure.
 29317 | Orc:1    | Entered Level 1 of the Orcish Mines
 29752 | Orc:2    | Entered Level 2 of the Orcish Mines
 29768 | Orc:2    | Noticed Sonja
 29770 | Orc:2    | Killed Sonja
 30109 | Orc:2    | Found a staircase to the Elven Halls.
 30716 | Orc:2    | Found Geyz's Distillery.
 30772 | Orc:2    | Found Gummaur's Magic Scroll Shoppe.
 31864 | Orc:2    | Found Nikokh's Antique Armour Shop.
 31864 | Orc:2    | Found a one-way gate leading to the halls of Pandemonium.
 31864 | Orc:2    | Found Ejyn's Gadget Boutique.
 31876 | Orc:2    | Paralysed by an orc sorcerer for 7 turns
 32045 | Orc:2    | Bought a pair of runed boots for 187 gold pieces
 32159 | Orc:1    | Found Melof's Food Shop.
 32340 | Orc:2    | Bought a runed helmet for 187 gold pieces
 32351 | Orc:2    | Bought a slimy shield for 237 gold pieces
 32351 | Orc:2    | Identified the +2 shield of the Merchant {+Fly rN+++ Str-5 Dex-5} (You bought it in a shop on level 2 of the Orcish Mines)
 32658 | Shoals:1 | Entered Level 1 of the Shoals
 32832 | Shoals:1 | Reached skill level 15 in Fighting
 36264 | Shoals:2 | Reached XP level 17. HP: 89/156 MP: 30/30
 37961 | Shoals:4 | Entered Level 4 of the Shoals
 38045 | Shoals:4 | Noticed a kraken
 38156 | Shoals:4 | Killed a kraken
 39687 | Shoals:3 | Got a steaming morningstar {protect}
 39710 | Shoals:3 | Identified the cursed +1 morningstar of Vengeance {protect, rF+ rN+ Int+3 Dex+4} (You took it off a merfolk on level 3 of the Shoals)
 40739 | Shoals:4 | Got a pair of jewelled boots
 40740 | Shoals:4 | Identified the +0 pair of boots of Untold Secrets {Str+3} (You found it on level 4 of the Shoals)
 40742 | Shoals:4 | Noticed Polyphemus
 40759 | Shoals:4 | Killed Polyphemus
 42519 | Shoals:4 | Got a shimmering tin ring
 42522 | Shoals:4 | Identified the ring "Pazoop" {rN+ MP+9 Str-5 Int+5 Stlth+} (You took it off a merfolk on level 4 of the Shoals)
 42779 | Shoals:4 | Reached XP level 18. HP: 90/170 MP: 31/31
 43058 | Shoals:4 | Noticed Ilsuiw
 43077 | Shoals:4 | Killed Ilsuiw
 43259 | Shoals:4 | Found Xiott's Jewellery Boutique.
 43555 | Shoals:4 | Got a barnacled rune of Zot
 43603 | Shoals:4 | Bought an uncursed ring of poison resistance for 360 gold pieces
 43603 | Shoals:4 | Bought the ring "Wozod" {MR+ Slay+2 Stlth+} for 655 gold pieces
 43891 | Orc:2    | Bought a scroll of teleportation for 54 gold pieces
 43891 | Orc:2    | Bought a scroll of teleportation for 54 gold pieces
 43891 | Orc:2    | Bought a scroll of blinking for 135 gold pieces
 43891 | Orc:2    | Bought a scroll of teleportation for 54 gold pieces
 43891 | Orc:2    | Bought a scroll of teleportation for 54 gold pieces
 43891 | Orc:2    | Bought a scroll of brand weapon for 360 gold pieces
 44043 | Spider:1 | Entered Level 1 of the Spider Nest
 44188 | Spider:1 | Noticed Frances
 44202 | Spider:1 | Killed Frances
 44761 | Spider:1 | Reached skill level 15 in Armour
 46952 | Spider:3 | Noticed Louise
 47079 | Spider:3 | Killed Louise
 48082 | Spider:4 | Entered Level 4 of the Spider Nest
 48774 | Spider:4 | Noticed Arachne
 48925 | Spider:4 | Killed Arachne
 49265 | Spider:4 | Reached XP level 19. HP: 181/181 MP: 1/33
 49433 | Spider:4 | Reached skill level 10 in Dodging
 49837 | Spider:4 | Reached skill level 1 in Evocations
 50797 | Spider:4 | Got a gossamer rune of Zot
 51381 | Vaults:1 | Entered Level 1 of the Vaults
 51678 | Shoals:4 | Bought an uncursed ring of protection from magic for 450 gold pieces
 52896 | Vaults:1 | Found Nyxawk's Weapon Shop.
 54039 | Vaults:1 | Reached XP level 20. HP: 193/193 MP: 34/34
 54306 | Vaults:2 | Noticed Saint Roka
 54827 | Vaults:2 | Killed Saint Roka
 55113 | Vaults:2 | Noticed Donald
 55119 | Vaults:2 | Killed Donald
 56109 | Vaults:2 | Found a staircase to the Crypt.
 57293 | Vaults:2 | Reached XP level 21. HP: 191/202 MP: 35/35
 61803 | Vaults:4 | Reached XP level 22. HP: 170/213 MP: 36/36
 63114 | Depths:1 | Entered Level 1 of the Depths
 63845 | Depths:1 | Found a gateway to Hell.
 64101 | Depths:1 | Found Woczi's Jewellery Shoppe.
 64101 | Depths:1 | Found Atwejixo's General Store.
 64115 | Depths:1 | Bought an uncursed ring of resist corrosion for 280 gold pieces
 64115 | Depths:1 | Bought the ring "Akheclul" {rElec rPois MR+ Dex+3} for 642 gold pieces
 64282 | Depths:1 | Found a shadowy altar of Dithmenos.
 64297 | Depths:1 | Found a snail-covered altar of Cheibriados.
 64297 | Depths:1 | Found an ornate altar of the Wu Jian Council.
 64605 | Depths:1 | Found an ornate altar of the Wu Jian Council.
 64605 | Depths:1 | Found a shimmering altar of Xom.
 64605 | Depths:1 | Found a stormy altar of Qazlal.
 65393 | Depths:2 | Identified a scroll of acquirement
 66839 | Depths:2 | Identified a +0 pair of boots of running (You found it on level 2 of the Depths)
 67755 | Depths:3 | Reached XP level 23. HP: 205/222 MP: 37/37
 68359 | Depths:3 | Paralysed by a floating eye for 2 turns
 69313 | Depths:3 | Found a gateway to a ziggurat.
 69357 | Depths:3 | Found Tairil's Changing Room.
 70319 | Depths:4 | Noticed a juggernaut
 70337 | Depths:3 | Killed a juggernaut
 71258 | Depths:4 | Found Rumneic's Gadget Emporium.
 71459 | Depths:4 | Noticed a caustic shrike
 71461 | Depths:4 | Noticed a caustic shrike
 71464 | Depths:4 | Noticed a caustic shrike
 71466 | Depths:4 | Noticed a caustic shrike
 71466 | Depths:4 | Killed a caustic shrike
 71468 | Depths:4 | Killed a caustic shrike
 71470 | Depths:4 | Noticed a caustic shrike
 71470 | Depths:4 | Killed a caustic shrike
 71472 | Depths:4 | Killed a caustic shrike
 71473 | Depths:4 | Killed a caustic shrike
 72009 | Depths:4 | Found a one-way gate to the infinite horrors of the Abyss.
 72525 | Depths:5 | Entered Level 5 of the Depths
 72545 | Depths:4 | Reached XP level 24. HP: 224/233 MP: 34/37
 74690 | Depths:5 | Noticed a caustic shrike
 74701 | Depths:4 | Killed a caustic shrike
 75146 | Depths:5 | Noticed a caustic shrike
 75151 | Depths:5 | Killed a caustic shrike
 75160 | Depths:5 | Noticed a caustic shrike
 75170 | Depths:5 | Noticed a caustic shrike
 75175 | Depths:5 | Killed a caustic shrike
 75182 | Depths:5 | Killed a caustic shrike
 75611 | Depths:5 | Found a gate to the Realm of Zot.
 76036 | Vaults:5 | Entered Level 5 of the Vaults
 76303 | Vaults:4 | Reached XP level 25. HP: 221/243 MP: 38/38
 77936 | Vaults:5 | Reached skill level 15 in Dodging
 77993 | Vaults:5 | Got a coiled platinum ring
 78489 | Vaults:5 | Identified the Grimoire of Glacial Companions
 78529 | Vaults:5 | Got a transparent copper ring
 78530 | Vaults:5 | Identified the cursed ring of Pyromania {EV-3 Int+5 Dex+2} (You took it off a vault warden on level 5 of the Vaults)
 78532 | Vaults:5 | Identified the ring of Yceuss {MR+ Int+4} (You took it off a vault warden on level 5 of the Vaults)
 78534 | Vaults:5 | Identified the +10 broad axe of Putrescence {chop, rC+ MR+} (You took it off a vault warden on level 5 of the Vaults)
 78743 | Vaults:5 | Reached XP level 26. HP: 235/254 MP: 39/39
 78994 | Vaults:5 | Found Egoek's Antique Armour Shop.
 78994 | Vaults:5 | Found Axitziaf's Gadget Shop.
 79088 | Vaults:5 | Got a silver rune of Zot
 79317 | Vaults:5 | Bought a shiny plate armour for 884 gold pieces
 79317 | Vaults:5 | Bought a pair of embroidered gloves for 255 gold pieces
 79802 | Depths:1 | Bought a scroll of enchant armour for 172 gold pieces
 80118 | Elf:1    | Entered Level 1 of the Elven Halls
 81190 | Elf:1    | Found Fecu's Gadget Boutique.
 81190 | Elf:1    | Found Jegiywar's Jewellery Emporium.
 81191 | Elf:1    | Found Juedghit's Jewellery Emporium.
 81968 | Elf:2    | Got a warped turquoise ring
 82033 | Elf:2    | Found a runed gate.
 82037 | Elf:2    | Found a runed gate.
 82037 | Elf:2    | Found a runed gate.
 82407 | Elf:2    | Identified the ring "Hineusew" {-Tele rF+ rC+ Str+8 Stlth+} (You took it off an orc warrior on level 2 of the Elven Halls)
 82444 | Elf:3    | Entered Level 3 of the Elven Halls
 84680 | Elf:3    | Got an opal-encrusted plate armour
 84681 | Elf:3    | Identified the +13 plate armour "Cibla" {rElec rC+} (You found it on level 3 of the Elven Halls)
 84892 | Elf:3    | Found the +3 crown of Dyrovepreva {rElec Int+2 SInv}
 84898 | Elf:3    | Got a pair of distressingly furry boots
 84899 | Elf:3    | Identified the cursed +0 pair of boots "Momuasm Rite" {-Tele +Inv Regen+ Int+3} (You found it on level 3 of the Elven Halls)
 85085 | Elf:2    | Noticed Azrael
 85091 | Elf:2    | Killed Azrael
 85105 | Elf:2    | Reached XP level 27. HP: 242/264 MP: 39/40
 85936 | Depths:1 | Bought an uncursed ring of protection from fire for 350 gold pieces
 86055 | Zot:1    | Entered Level 1 of the Realm of Zot
 86872 | Zot:1    | Noticed an orb of fire
 86880 | Zot:1    | Gained mutation: You are frail. (-10% HP) [an orb of fire]
 86885 | Zot:1    | Gained mutation: You do not regenerate when monsters are visible. [an orb of fire]
 86887 | Zot:1    | Gained mutation: Your magical capacity is low. (-10% MP) [an orb of fire]
 86888 | Zot:1    | Gained mutation: You are very frail. (-20% HP) [an orb of fire]
 86893 | Zot:1    | Gained mutation: You tend to lose your temper in combat. [an orb of fire]
 86894 | Zot:1    | Killed an orb of fire
 86897 | Zot:1    | Lost mutation: Your magical capacity is low. (-10% MP) [potion of mutation]
 86897 | Zot:1    | Lost mutation: You tend to lose your temper in combat. [potion of mutation]
 86897 | Zot:1    | Lost mutation: You do not regenerate when monsters are visible. [potion of mutation]
 86897 | Zot:1    | Gained mutation: You can translocate small distances at will. [potion of mutation]
 86897 | Zot:1    | Gained mutation: Potions are less effective at restoring your health. [potion of mutation]
 86897 | Zot:1    | Gained mutation: You have a pair of small horns on your head. [potion of mutation]
 86898 | Zot:1    | Lost mutation: Potions are less effective at restoring your health. [potion of mutation]
 86898 | Zot:1    | Lost mutation: You are very frail. (-20% HP) [potion of mutation]
 86898 | Zot:1    | Gained mutation: Armour fits poorly on your strangely shaped body. [potion of mutation]
 86898 | Zot:1    | Gained mutation: You are somewhat resistant to further mutation. [potion of mutation]
 86898 | Zot:1    | Gained mutation: Your skin changes colour to match your surroundings (Stealth+). [potion of mutation]
 87316 | Zot:1    | Reached skill level 27 in Invocations
 89345 | Zot:2    | Reached skill level 5 in Evocations
 89660 | Zot:3    | Noticed an orb of fire
 89670 | Zot:3    | Killed an orb of fire
 91610 | Zot:3    | Got an ichor-stained chain mail
 91611 | Zot:3    | Identified the cursed +0 chain mail of the Boiling Point {rElec rCorr} (You found it on level 3 of the Realm of Zot)
 93219 | Zot:5    | Entered Level 5 of the Realm of Zot
 94382 | Zot:4    | Reached skill level 10 in Evocations
 94865 | Zot:5    | Noticed an ancient lich
 94873 | Zot:5    | Killed an ancient lich
 95451 | Zot:5    | Noticed an ancient lich
 95459 | Zot:5    | Killed an ancient lich
 95491 | Zot:5    | Noticed an ancient lich
 95507 | Zot:5    | Killed an ancient lich
 96926 | Zot:5    | Noticed an orb of fire
 96931 | Zot:5    | Gained mutation: You are dopey. (Int -2) [an orb of fire]
 96942 | Zot:5    | Killed an orb of fire
 97076 | Zot:5    | Noticed an orb of fire
 97097 | Zot:5    | Killed an orb of fire
 97097 | Zot:5    | Reached skill level 27 in Fighting
 97535 | Zot:5    | Noticed an orb of fire
 98086 | Zot:5    | Killed an orb of fire
 99624 | Zot:5    | Got the Orb of Zot
 99667 | Zot:5    | Noticed Cegg the pandemonium lord
 99815 | Zot:3    | Noticed Byakorcho the pandemonium lord
100058 | D:14     | Gained mutation: Your body sometimes deteriorates upon taking damage. [a neqoxec]
100352 | D:$      | Escaped with the Orb!

Vault maps used:
D:1:      lemuel_arrival_muddy
D:2:      lemuel_coloured_pillars_altar, uniq_sigmund
D:3:      corexii_shack_village, gammafunk_temple_overflow_arena, first_ration,
          grunt_qazlal_sundering
D:4:      vehumet_crystals
D:5:      nemelex_xobeh_ov_fountains_minmay, minmay_temple_entry_fiery,
          kennysheep_generic_room_12, uniq_ijyb
D:8:      black_bear_nest_1, kennysheep_mini, serial_shops, nicolae_shop_stone,
          hangedman_decor_growths
D:9:      lemuel_doored_altar, marbit_many_paths,
          gammafunk_temple_overflow_statue, lair_entry_dummy, uniq_erolcha,
          uniq_joseph
D:10:     st_stairs_5, grunt_pizzeria
D:11:     hiddenorc1_lemuel
D:12:     jiyva_altar_1, uniq_urug
D:13:     minmay_diamond_stairs, enter_bailey_8
D:14:     grunt_vaults_entry_tiered, moated_statue,
          onia_ninara_dug_in_and_dangerous, uniq_roxanne
D:15:     gammafunk_depths_entry_grave, fountainhead, trove_entry_hex_spiral,
          basic_altar, serial_shops, nicolae_shop_trees
Lair:2:   minivault_27, infiniplex_staircase_pool
Lair:3:   dummy_spider_entry, basic_altar, uniq_snorg, uniq_fannar, uniq_rupert
Lair:4:   shoals_dummy_entry, grunt_megastairs_1, serial_bayou_shore_b
Lair:5:   infiniplex_staircase_pool_2
Lair:6:   minmay_lair_end_frog_pond, dpeg_slime_entry_enclosed_altar, uniq_kirke
Shoals:2: nicolae_shoals_water_elemental_grotto
Shoals:3: kb_tengu_band
Shoals:4: shoals_end_simple, shoals_ilsuiw_alternative, serial_shops,
          nicolae_shop_stone, uniq_polyphemus
Spider:1: spider_trap, zaba_anthell, uniq_frances
Spider:2: hangedman_spider_tarantella_strand
Spider:3: nicolae_spider_circle_web, guppyfry_spider_mini_3, uniq_louise
Spider:4: johnstein_spider_rune_arachne_lair,
          portal_ice_cave_entry_ice_statue_two
Orc:1:    serial_shops, nicolae_shop_waterfront
Orc:2:    pf_orc_diabolical, uniq_sonja
Elf:1:    minmay_elf_crystal_hexagon, grunt_megastairs_3, minmay_shop_grove
Elf:2:    hangedman_elven_crosses_minicolossus, basic_stair_grate_trap,
          uniq_azrael
Elf:3:    grunt_elf_hall_diamonds
Vaults:1: v_rooms_1, grunt_vaults_trifunnel, hangedman_vaults_capsules,
          hangedman_vaults_pinch, vaults_room_door_ring, ontoclasm_vaults_chip,
          vaults_room_fancy_cross, v_pattern_2, nicolae_vaults_quartermaster,
          vaults_dpeg_ring, serial_shops, nicolae_shop_statue_plus,
          mu_enter_wizlab_1
Vaults:2: minmay_crypt_entry_skeletal_spiral, nicolae_vaults_little_squares_1,
          st_check, nicolae_vaults_puzzle_piece, ontoclasm_vaults_fault,
          v_misc_12, ontoclasm_vaults_misaligned, ontoclasm_vaults_pinch,
          v_rooms_6, ontoclasm_vaults_misaligned, nicolae_vaults_network_s,
          uniq_saint_roka, uniq_donald
Vaults:3: nicolae_vaults_ring_of_whatevers, hangedman_vaults_hat,
          dpeg_vaults_monster_row, v_misc_27, vaults_dpeg_doors, v_pattern_1,
          ontoclasm_vaults_hangar, st_hourglassy,
          vaults_standard_mumra_enter_the_diamond
Vaults:4: ontoclasm_vaults_eye, nicolae_vaults_circle_grid_a,
          nicolae_vaults_hallways_thing, v_misc_32, v_misc_9, v_misc_10,
          v_misc_13, nicolae_vaults_little_ls
Depths:1: hell_entry, minmay_misc_feat_room, doesnt_xom_only_xom,
          minmay_shoptagon
Depths:2: kennysheep_ambush_hall, kennysheep_nub, grunt_hell_entry_dis_grunt,
          hangedman_aviary
Depths:3: minmay_imperfect_grid, enter_ziggurat_f, grunt_pan_entry_in_and_out,
          pf_hell_entry_great_geh, nicolae_transmutations_shop
Depths:4: minmay_the_grid_triangle_9x9_recursive_2_mashed, hell_entry,
          serial_bayou_pond_e, serial_shops, nicolae_shop_waterfront,
          nicolae_abyss_entry_one_way_or_another
Depths:5: grunt_zot_entry_pinwheel, pan_entry, minmay_misc_feat_x,
          pf_hell_entry_tar_river
Zot:3:    gammafunk_mikee_crab_dinner, zot_minivault_2
Zot:4:    zot_minivault_6

Skill      XL: |  1  2  3  4  5  6  7  8  9 10 11 12 13 14 15 16 17 18 19 20 21 22 23 24 25 26 27 |
---------------+----------------------------------------------------------------------------------+-----
Axes           | 3 4 7 8 9 10 12 13 14 16 17 18 19 20 21 22 24 25 26 | 26.0
Invocations    | 2 4 6 7 9 11 13 15 16 17 18 19 20 22 24 26 27 | 27.0
Fighting       | 4 6 8 9 11 12 13 14 15 17 18 19 20 21 22 23 24 27 | 27.0
Armour         | 4 5 7 9 10 11 12 13 14 15 16 17 18 19 20 21 25 | 25.1
Dodging        | 1 4 6 7 8 9 10 11 12 13 14 15 18 | 18.5
Evocations     | 2 12 | 12.6
Shields        | |  3.2

Action                   |  1- 3 |  4- 6 |  7- 9 | 10-12 | 13-15 | 16-18 | 19-21 | 22-24 | 25-27 || total
-------------------------+-------+-------+-------+-------+-------+-------+-------+-------+-------++-------
Melee: War axe           |   110 |   136 |   368 |   168 |   426 |       |       |       |       ||  1208
       Battleaxe         |       |       |       |   370 |   572 |  1440 |  1274 |    26 |  1550 ||  5232
       Whip              |       |       |       |     8 |       |       |       |       |       ||     8
       Unarmed           |       |       |       |       |     7 |       |       |       |       ||     7
       Dire flail        |       |       |       |       |     4 |       |       |       |       ||     4
       Executioner's axe |       |       |       |       |       |       |       |  1035 |   941 ||  1976
       Headbutt          |       |       |       |       |       |       |       |       |   479 ||   479
Invok: Upheaval          |       |       |       |     1 |    21 |    30 |    12 |     4 |     6 ||    74
       Elemental Force   |       |       |       |     1 |     3 |     4 |       |       |       ||     8
       Disaster Area     |       |       |       |       |       |     2 |     1 |     1 |     7 ||    11
Evoke: Wand              |       |       |       |     5 |     5 |    48 |     8 |       |    23 ||    89
  Use: Potion            |     1 |     1 |       |     3 |     1 |    10 |     2 |     5 |    18 ||    41
       Scroll            |       |       |    12 |    13 |    12 |    14 |     2 |    19 |    34 ||   106
 Stab: Held in net/web   |       |       |       |       |       |     1 |       |       |       ||     1
       Distracted        |       |       |       |       |       |       |       |       |     2 ||     2
  Eat: Chunk             |     2 |     5 |    14 |    18 |    21 |    27 |    26 |    20 |    26 ||   159
       Ration            |       |     1 |       |     2 |     5 |    12 |     4 |     8 |    23 ||    55
Armor: Scale mail        |    48 |    39 |       |       |       |       |       |       |       ||    87
       Chain mail        |       |       |   130 |   127 |       |       |     6 |       |       ||   263
       Skin              |       |       |       |     3 |       |       |       |       |       ||     3
       Plate armour      |       |       |       |   125 |   423 |   729 |   478 |   570 |  1188 ||  3513
Dodge: Dodged            |    31 |    45 |    80 |   146 |   272 |   534 |   448 |   677 |  1380 ||  3613
       Deflected         |       |       |       |    12 |    15 |    96 |    36 |    63 |   112 ||   334
Block: Shield            |    54 |       |       |       |       |       |       |       |       ||    54
       Buckler           |     3 |    35 |   136 |    69 |       |       |       |       |       ||   243
       Other             |       |       |       |    94 |   262 |   453 |   349 |   398 |   718 ||  2274

Table legend:
 A = Spawn XP
 B = Non-spawn XP
 C = Spawn XP percentage of total XP
 D = Spawn monster count
 E = Non-spawn monster count
 F = Spawn count percentage of total count
 G = Total turns spent on level
                    A         B        C        D         E        F      G
               +---------+---------+-------+---------+---------+-------+---------
         Total |       0 | 1846705 |   0.0 |       0 |    2618 |   0.0 | 100352
               +---------+---------+-------+---------+---------+-------+---------
           D:1 |       0 |      41 |   0.0 |       0 |      24 |   0.0 |  1023
           D:2 |       0 |     451 |   0.0 |       0 |      22 |   0.0 |  2529
           D:3 |       0 |      91 |   0.0 |       0 |      28 |   0.0 |   840
           D:4 |       0 |     259 |   0.0 |       0 |      17 |   0.0 |  1250
           D:5 |       0 |     349 |   0.0 |       0 |      10 |   0.0 |   983
           D:6 |       0 |    1424 |   0.0 |       0 |      20 |   0.0 |  1140
           D:7 |       0 |    1611 |   0.0 |       0 |      50 |   0.0 |   912
           D:8 |       0 |    1415 |   0.0 |       0 |      31 |   0.0 |  1446
           D:9 |       0 |    6043 |   0.0 |       0 |      46 |   0.0 |  2157
          D:10 |       0 |    3493 |   0.0 |       0 |      35 |   0.0 |  1649
          D:11 |       0 |    9513 |   0.0 |       0 |      68 |   0.0 |  1416
          D:12 |       0 |   10558 |   0.0 |       0 |      43 |   0.0 |  2233
          D:13 |       0 |   10383 |   0.0 |       0 |      33 |   0.0 |  1510
          D:14 |       0 |   17094 |   0.0 |       0 |      53 |   0.0 |  2122
          D:15 |       0 |   15069 |   0.0 |       0 |      30 |   0.0 |  2220
        Lair:1 |       0 |    8165 |   0.0 |       0 |      35 |   0.0 |  1559
        Lair:2 |       0 |   10589 |   0.0 |       0 |      26 |   0.0 |  1946
        Lair:3 |       0 |    7781 |   0.0 |       0 |      20 |   0.0 |  1304
        Lair:4 |       0 |    5345 |   0.0 |       0 |      22 |   0.0 |  1144
        Lair:5 |       0 |   18147 |   0.0 |       0 |      58 |   0.0 |  2652
        Lair:6 |       0 |   13084 |   0.0 |       0 |      42 |   0.0 |  1013
      Shoals:1 |       0 |   11887 |   0.0 |       0 |      30 |   0.0 |  2037
      Shoals:2 |       0 |   16207 |   0.0 |       0 |      36 |   0.0 |  2366
      Shoals:3 |       0 |   18847 |   0.0 |       0 |      36 |   0.0 |  4534
      Shoals:4 |       0 |   48064 |   0.0 |       0 |      76 |   0.0 |  2036
      Spider:1 |       0 |   14646 |   0.0 |       0 |      59 |   0.0 |  1465
      Spider:2 |       0 |   14514 |   0.0 |       0 |      43 |   0.0 |  1546
      Spider:3 |       0 |   11714 |   0.0 |       0 |      25 |   0.0 |  1573
      Spider:4 |       0 |   53563 |   0.0 |       0 |     101 |   0.0 |  2564
         Orc:1 |       0 |    3050 |   0.0 |       0 |      37 |   0.0 |   708
         Orc:2 |       0 |   19475 |   0.0 |       0 |      93 |   0.0 |  2865
         Elf:1 |       0 |   36624 |   0.0 |       0 |      61 |   0.0 |   970
         Elf:2 |       0 |   57519 |   0.0 |       0 |      87 |   0.0 |  2296
         Elf:3 |       0 |   73688 |   0.0 |       0 |      72 |   0.0 |  1989
      Vaults:1 |       0 |   57580 |   0.0 |       0 |     100 |   0.0 |  2855
      Vaults:2 |       0 |   99506 |   0.0 |       0 |     154 |   0.0 |  3906
      Vaults:3 |       0 |   64515 |   0.0 |       0 |      93 |   0.0 |  2361
      Vaults:4 |       0 |   96847 |   0.0 |       0 |      95 |   0.0 |  3640
      Vaults:5 |       0 |  110364 |   0.0 |       0 |      99 |   0.0 |  1439
      Depths:1 |       0 |   35557 |   0.0 |       0 |      55 |   0.0 |  1872
      Depths:2 |       0 |   60566 |   0.0 |       0 |      70 |   0.0 |  2350
      Depths:3 |       0 |   65186 |   0.0 |       0 |      75 |   0.0 |  3250
      Depths:4 |       0 |   98715 |   0.0 |       0 |      75 |   0.0 |  3378
      Depths:5 |       0 |   83326 |   0.0 |       0 |      57 |   0.0 |  1902
         Zot:1 |       0 |   86771 |   0.0 |       0 |      51 |   0.0 |  1491
         Zot:2 |       0 |   49416 |   0.0 |       0 |      25 |   0.0 |  1628
         Zot:3 |       0 |  141620 |   0.0 |       0 |      83 |   0.0 |  2618
         Zot:4 |       0 |   75319 |   0.0 |       0 |      49 |   0.0 |  2134
         Zot:5 |       0 |  200714 |   0.0 |       0 |      68 |   0.0 |  5531
               +---------+---------+-------+---------+---------+-------+---------
